 Dungeon Crawl Stone Soup version 0.30-a0-956-gcec3b41aec (webtiles) character file.

Game seed: 8075999383022535854

58 vishdafish the Conjurer (level 3, 0/24 HPs)
             Began as a Demonspawn Conjurer on Mar 30, 2023.
             Slain by a hobgoblin (3 damage)
             ... led by Robin
             ... on level 2 of the Dungeon.
             The game lasted 00:01:47 (1208 turns).

vishdafish the Conjurer (Demonspawn Conjurer)       Turns: 1208, Time: 00:01:49

Health: 0/24       AC:  3    Str:  7    XL:     3   Next: 75%
Magic:  1/7        EV: 12    Int: 21    God:
Gold:   33         SH:  0    Dex: 11    Spells: 7/8 levels left

rFire   . . .      SeeInvis .    d - +2 dagger (speed)
rCold   . . .      Faith    .    (no shield)
rNeg    . . .      Spirit   .    a - +0 robe
rPois   .          Reflect  .    (helmet restricted)
rElec   .          Rampage  .    (no cloak)
rCorr   .                        (no gloves)
Will    .....                    (no boots)
Stlth   ++                       (no amulet)
HPRegen 0.24/turn                (no ring)
MPRegen 0.10/turn                (no ring)

@: no status effects
A: antennae 1, sharp scales 1
a: no special abilities


You were on level 2 of the Dungeon.
You visited 1 branch of the dungeon, and saw 2 of its levels.

You collected 33 gold pieces.

Inventory:

Hand Weapons
 c - a +0 short sword
 d - a +2 dagger of speed (weapon)
Armour
 a - a +0 robe (worn)
Potions
 b - a potion of magic
 e - a potion of degeneration {unknown}
 f - a potion of haste {unknown}


   Skills:
 - Level 1.7 Dodging
 - Level 1.7 Stealth
 + Level 3.0 Spellcasting
 + Level 4.8 Conjurations


You had 7 spell levels left.
You knew the following spells:

 Your Spells              Type           Power      Damage    Failure   Level
a - Magic Dart            Conj           92%        1d7       1%          1

Your spell library contained the following spells:

 Spells                   Type           Power      Damage    Failure   Level
 Searing Ray              Conj           46%        2d6       2%          2
 Dazzling Flash           Conj/Hex       26%        N/A       14%         3
 Fulminant Prism          Conj/Hex       6%         3d6       43%         4
 Iskenderun's Mystic Bla  Conj/Tloc      13%        2d5       43%         4


Dungeon Overview and Level Annotations

Branches:
Dungeon (2/15)

Altars:

Annotations:
D:2 Natasha


Innate Abilities, Weirdness & Mutations

You have a pair of small antennae on your head.
You are partially covered in razor-sharp scales. (AC +1, Slay +1)


Message History

Robin is almost dead.
You hit Robin.
You kill Robin!
The hobgoblin hits you. The goblin hits you with a +0 club.
The goblin shoots a sling bullet.
The sling bullet hits you.
Your Spellcasting skill increases to level 3!
There is an open door here.
You have nothing you can fire or use right now.
Unknown command.
You have nothing you can fire or use right now.
You have nothing you can fire or use right now.
Okay, then.
You have nothing you can fire or use right now.
Aiming: Magic Dart (safe; 1% risk of failure)
Press: ? - help, Q - select action Shift-Dir - straight line, f - goblin
Aim: a goblin, wielding a +0 club (strong, 100% to hit)
The magic dart hits the goblin.
The goblin is severely wounded.
The goblin barely misses you.
You closely miss the goblin.
The goblin is severely wounded.
You hit the goblin.
You kill the goblin!
You hit the hobgoblin.
The hobgoblin is lightly wounded.
The hobgoblin barely misses you.
You closely miss the hobgoblin.
The hobgoblin is lightly wounded.
You hit the hobgoblin.
The hobgoblin is almost dead.
The hobgoblin barely misses you.
You hit the hobgoblin.
You kill the hobgoblin!
Natasha, Servant of Life and Death comes into view.
The goblin unwields a +0 sling.
The goblin wields a +0 club.
The goblin hits you with a +0 club.
The goblin unwields a +0 sling.
The goblin wields a +0 club.
The goblin hits you with a +0 club.
* * * LOW HITPOINT WARNING * * *
The hobgoblin hits you.
You die...

#.........
#.......#........#
#)g.g...#[.......#
#g).)...#........#
#..g..).#........#
#....g.h#(.......#
#................# ###
#.......#...)ggg.####<#
####### #<#######@#....#.#
#.....#
#.#######.####.#.###.###.#
..............>#.....# #.#
#..######....##.#########.#
##.. #....##...........#
#.# ..##....##.###########
#.. .................. ###
##..######.####### ....
....


You could see Natasha (wandering), a hobgoblin (strong) and 2 goblins.

Vanquished Creatures
  Robin (D:2)
  4 dart slugs (D:1)
  3 ball pythons (D:1)
  2 endoplasms (D:1)
  2 giant cockroaches (D:1)
  9 goblins
  5 hobgoblins
  3 jackals (D:1)
  A quokka (D:1)
  A frilled lizard (D:1)
  A kobold (D:1)
32 creatures vanquished.

Notes
Turn   | Place    | Note
-------+----------+-------------------------------------------
     0 | D:1      | vishdafish the Demonspawn Conjurer began the quest for the
                  | Orb.
     0 | D:1      | Reached XP level 1. HP: 13/13 MP: 3/3
   163 | D:1      | Gained mutation: You are partially covered in razor-sharp
                  | scales. (AC +1, Slay +1) [demonic ancestry]
   163 | D:1      | Reached XP level 2. HP: 19/19 MP: 0/5
   519 | D:1      | Gained mutation: You have a pair of small antennae on your
                  | head. [demonic ancestry]
   519 | D:1      | Reached XP level 3. HP: 19/24 MP: 1/7
  1077 | D:2      | Noticed Robin
  1198 | D:2      | Killed Robin
  1208 | D:2      | Noticed Natasha
  1208 | D:2      | Slain by a hobgoblin

Illustrated notes

Levels and vault maps discovered:
D:1:      lightli_arrival_maybe_door_vault, layout_basic
D:2:      layout_basic, hellmonk_ecumenical_altar_heavens_door,
          grunt_decor_one_mirror, due_unseen_surprise, uniq_natasha, uniq_robin

Skill      XL: |  1  2  3 |
---------------+----------+-----
Spellcasting   | 3 |  3.0
Dodging        | |  1.7
Stealth        | |  1.7
Conjurations   | |  4.8

Action                     || total
---------------------------++-------
  Melee: Unarmed           ||    31
         Dagger            ||    28
         Punch             ||     1
   Cast: Magic Dart        ||    56
 Armour: Robe              ||    12
  Dodge: Dodged            ||    41

Table legend: (Time is in decaauts)
 A = Elapsed time spent in this place.
 B = Non-inter-level travel time spent in this place.
 C = Inter-level travel time spent in this place.
 D = Time resting spent in this place.
 E = Time spent auto-exploring this place.
 F = Levels seen in this place.
 G = Mean time per level.
                   A        B        C        D        E       F      G
               +--------+--------+--------+--------+--------+-----+--------+
         Total |   1197 |   1076 |    121 |      0 |    897 |   2 |  598.5 |
       Dungeon |   1197 |   1076 |    121 |      0 |    897 |   2 |  598.5 |
               +--------+--------+--------+--------+--------+-----+--------+

Top non-repeatable levels by time:
     D:1: 1120 daAuts
     D:2: 76 daAuts
